AoeStats
← tboss

Yucatan

510948392Analyzed
4v4 RM · 6h ago on Oct 3, 2026· 55m 17s· 8 players
Game mode
Random Map
Map size
Large (8 player)
Population
200
Speed
Normal
Resources
Standard
Victory
Conquest
Starting age
Dark Age
Ending age
Imperial Age
RankedLock teamsTeams togetherTeam positionsShared explorationLock speedFull tech treeHidden civsTurbo modeCheats
Victory
Defeat
1045
+14
🇨🇦 Jurchens · Canada
1024
+15
🇦🇺 Malians · Australia
859
+21
🇺🇾 Magyars · Uruguay
852
+21
🇹🇼 Persians · Taiwan
1020
-19
🇨🇳 Bulgarians · China
991
-18
🇬🇪 Magyars · Georgia
991
-18
🇭🇰 Ethiopians · Hong Kong SAR China
939
-16
chisyeung4c
8:29 Loom
10:43 Feudal Age
15:04 Castle Age
15:17 Double-Bit Axe
15:29 Gold Mining
17:25 Bow Saw
18:28 Crossbowman
20:06 Horse Collar
21:34 Fletching
23:37 Ballistics
24:28 Bodkin Arrow
24:33 Padded Archer Armor
26:12 Wheelbarrow
25:33 Stone Mining
29:00 Thumb Ring
29:45 Leather Archer Armor
30:05 Scale Mail Armor
32:01 Gold Shaft Mining
31:40 Heavy Plow
33:29 Town Watch
34:34 Chain Mail Armor
34:29 Forging
38:31 Imperial Age
37:22 Iron Casting
39:04 Hand Cart
39:33 Conscription
39:45 Bracer
40:16 Ring Archer Armor
41:35 Blast Furnace
41:51 Two-Man Saw
42:41 Chemistry
41:19 Arbalester
42:00 Halberdier
42:40 Squires
42:28 Arson
42:57 Capped Ram
44:57 Elite Skirmisher
45:47 Man-at-Arms
46:41 Masonry
46:37 Siege Engineers
47:09 Plate Mail Armor
Dante_in_the_deep
1:47 Loom
10:13 Feudal Age
14:43 Castle Age
14:35 Double-Bit Axe
16:04 Bow Saw
24:34 Horse Collar
24:54 Loom
31:01 Fletching
31:12 Padded Archer Armor
34:11 Imperial Age
32:27 Gold Mining
32:55 Bodkin Arrow
33:06 Scale Barding Armor
36:37 Chain Barding Armor
37:57 Parthian Tactics
37:39 Thumb Ring
37:36 Bracer
37:52 Leather Archer Armor
38:03 Ballistics
40:57 Ring Archer Armor
41:22 Siege Engineers
41:29 Masonry
40:46 Heavy Cavalry Archer
心死就在一瞬間
2:51 Loom
12:38 Feudal Age
13:16 Double-Bit Axe
16:31 Castle Age
14:27 Horse Collar
15:20 Gold Mining
15:21 Stone Mining
17:57 Stone Shaft Mining
17:58 Gold Shaft Mining
18:20 Bow Saw
24:08 Heavy Plow
27:20 Wheelbarrow
27:40 Caravan
29:08 Pikeman
29:49 Squires
29:34 Arson
30:00 Scale Mail Armor
30:11 Forging
30:06 Scale Barding Armor
33:09 Hand Cart
35:28 Imperial Age
38:14 Halberdier
39:28 Chain Mail Armor
39:49 Iron Casting
39:34 Chain Barding Armor
41:47 Elite War Elephant
43:21 Plate Barding Armor
43:16 Plate Mail Armor
Rywendyre
5:44 Loom
13:12 Feudal Age
17:43 Castle Age
16:52 Double-Bit Axe
17:00 Gold Mining
16:55 Horse Collar
17:55 Stone Mining
20:04 Heavy Plow
20:16 Bow Saw
20:46 Gold Shaft Mining
29:47 Wheelbarrow
31:08 Stone Shaft Mining
31:29 Pikeman
33:02 Husbandry
33:13 Bloodlines
33:56 Forging
38:11 Imperial Age
36:13 Light Cavalry
37:19 Scale Barding Armor
38:45 Scale Mail Armor
39:46 Crop Rotation
40:14 Conscription
41:29 Hussar
42:50 Iron Casting
42:36 Chain Barding Armor
44:35 Blast Furnace
44:11 Plate Barding Armor
tboss
0:26 Loom
11:47 Feudal Age
16:21 Castle Age
14:41 Double-Bit Axe
15:08 Horse Collar
17:25 Bow Saw
17:16 Heavy Plow
21:52 Wheelbarrow
21:39 Town Watch
22:18 Town Watch
24:04 Scale Barding Armor
24:54 Bloodlines
27:15 Hand Cart
29:03 Husbandry
29:43 Murder Holes
30:09 Ballistics
30:22 Gold Mining
35:08 Imperial Age
33:12 Fortified Bastions
33:32 Chain Barding Armor
33:24 Forging
33:44 Siege Engineers
35:17 Stone Mining
36:22 Thunderclap Bombs
35:48 Elite Iron Pagoda
36:56 Conscription
38:51 Plate Barding Armor
38:51 Iron Casting
41:52 Chemistry
41:53 Blast Furnace
41:50 Crop Rotation
43:30 Masonry
43:34 Thunderclap Bombs
44:04 Hoardings
44:03 Fletching
45:09 Bodkin Arrow
45:46 Architecture
45:22 Town Patrol
46:54 Bracer
49:33 Padded Archer Armor
50:52 Leather Archer Armor
52:02 Ring Archer Armor
DR GUS GLITTERGELPEN BILDORDER Ⅷ
8:40 Feudal Age
11:25 Wheelbarrow
11:25 Double-Bit Axe
21:35 Castle Age
19:54 Fishing Lines
21:55 Scale Barding Armor
22:00 Forging
23:13 Bow Saw
23:24 Bloodlines
29:06 Steppe Husbandry
29:59 Gillnets
30:17 Horse Collar
31:24 Iron Casting
32:02 Chain Barding Armor
37:27 Imperial Age
37:30 Elite Steppe Lancer
38:47 Plate Barding Armor
39:12 Blast Furnace
38:37 Conscription
38:21 Cuman Mercenaries
39:22 Padded Archer Armor
39:12 Fletching
41:13 Hoardings
43:34 Leather Archer Armor
43:14 Bodkin Arrow
45:02 Ring Archer Armor
44:33 Scale Mail Armor
47:56 Chain Mail Armor
48:23 Masonry
48:33 Ballistics
49:14 Chemistry
48:10 Murder Holes
47:48 Pikeman
47:48 Man-at-Arms
48:29 Squires
48:14 Arson
48:22 Halberdier
49:34 Plate Mail Armor
48:59 Long Swordsman
49:22 Light Cavalry
49:48 Two-Handed Swordsman
50:45 Champion
JulioApo
12:20 Feudal Age
14:38 Double-Bit Axe
16:43 Stone Mining
19:46 Castle Age
17:36 Loom
20:58 Bow Saw
20:34 Horse Collar
22:35 Wheelbarrow
23:02 Corvinian Army
24:47 Scale Barding Armor
27:03 Chain Barding Armor
31:38 Town Watch
32:46 Fletching
35:00 Bodkin Arrow
36:12 Elite Skirmisher
47:17 Bloodlines
47:08 Husbandry
47:21 Light Cavalry
52:44 Scale Mail Armor
54:26 Heavy Plow
Anglo K
4:36 Loom
12:05 Feudal Age
13:58 Wheelbarrow
16:45 Castle Age
19:14 Hand Cart
19:11 Man-at-Arms
23:12 Elite Skirmisher
29:00 Long Swordsman
31:04 Scale Mail Armor
31:15 Forging
30:52 Horse Collar
30:58 Double-Bit Axe
32:03 Bow Saw
32:35 Heavy Plow
33:10 Chain Mail Armor
33:06 Forging
38:02 Imperial Age
36:39 Fletching
36:50 Padded Archer Armor
37:26 Bodkin Arrow
38:06 Two-Handed Swordsman
40:48 Champion
44:53 Tigui
48:20 Farimba
48:40 Conscription
48:56 Hoardings
47:42 Elite Gbeto
48:59 Plate Mail Armor
49:04 Iron Casting
48:34 Gold Mining
48:35 Stone Mining
51:43 Chemistry
Connection lost

Rejoining the realm…

Still unreachable

The connection could not be restored.

Session expired

The server has moved on; the page needs a fresh start.